 Dungeon Crawl Stone Soup version 0.24.0-37-gcf1ca852f1 (webtiles) character file.

Game seed: 5875899397753503188, levelgen mode: deterministic

203 Goreval the Chopper (level 5, -3/48 HPs)
             Began as a Hill Orc Monk on Dec 8, 2019.
             Slain by a scorpion (7 damage)
             ... on level 3 of the Dungeon on Dec 9, 2019.
             The game lasted 00:08:22 (4236 turns).

Goreval the Chopper (Hill Orc Monk)                 Turns: 4236, Time: 00:08:23

Health: -3/48      AC:  7    Str: 14    XL:     5   Next: 81%
Magic:  5/5        EV:  6    Int: 10    God:
Gold:   131        SH:  0    Dex: 14    Spells: 4/4 levels left

rFire    . . .     SeeInvis .   a - +0 hand axe
rCold    . . .     Gourm    .   (no shield)
rNeg     . . .     Faith    .   q - -1 chain mail (curse)
rPois    .         Spirit   .   (no helmet)
rElec    .         Reflect  .   (no cloak)
rCorr    .         Harm     .   (no gloves)
MR       .....                  (no boots)
Stlth    ..........             (no amulet)
HPRegen  0.16/turn              (no ring)
MPRegen  0.09/turn              (no ring)

@: no status effects
A: no striking features
a: no special abilities


You were on level 3 of the Dungeon.
You were hungry.

You visited 1 branch of the dungeon, and saw 4 of its levels.

You collected 131 gold pieces.

Inventory:

Hand Weapons
 a - a +0 hand axe (weapon)
Missiles
 e - 152 stones (quivered)
Armour
 q - a cursed -1 chain mail (worn)
Scrolls
 b - 2 scrolls of teleportation {unknown}
 h - a scroll of enchant weapon {unknown}
 j - a scroll of remove curse {unknown}
 k - 2 scrolls of blinking {unknown}
 m - a scroll of amnesia {unknown}
 o - 2 scrolls of magic mapping {unknown}
Potions
 f - 3 potions of heal wounds {unknown}
 g - a potion of mutation {unknown}
 i - a potion of lignification {unknown}
 l - 3 potions of flight {unknown}
 n - a potion of curing {unknown}
Comestibles
 c - 7 rations


   Skills:
 + Level 5.1 Fighting
 * Level 7.2 Axes
 - Level 2.4 Dodging
 - Level 1.5 Stealth


You had 4 spell levels left.
You didn't know any spells.
Your spell library was empty.

Dungeon Overview and Level Annotations

Branches:
Dungeon (4/15)
 Temple: D:4-7

Altars:
Fedhas
Gozag
Hepliaklqana
Makhleb
Qazlal
Vehumet
Xom
Yredelemnul


Message History

You barely miss the scorpion. The scorpion barely misses you.
You hit the scorpion.
The scorpion stings you but does no damage.
You hit the scorpion. You closely miss the scorpion.
The scorpion stings you but does no damage.
You hit the scorpion. The scorpion stings you!
You hit the scorpion but do no damage.
The scorpion stings you but does no damage.
You hit the scorpion but do no damage. The scorpion stings you.
* * * LOW HITPOINT WARNING * * *
You hit the scorpion but do no damage. The scorpion stings you.
* * * LOW HITPOINT WARNING * * *
You hit the scorpion but do no damage. The scorpion stings you.
* * * LOW HITPOINT WARNING * * *
You closely miss the scorpion. The scorpion stings you.
* * * LOW HITPOINT WARNING * * *
Your chain mail prevents you from hitting the scorpion.
The scorpion stings you!
You die...

.............<##.#####.#.....###.
..#####'#'######....##.#......##.
.#### #.#.# ####.##.#......##.
....# #.#.#########.##.#....#.##.
....# #.#...........#..........#.
....###.########.........##.####.
....##....#......................
...............#>)....#.....###..
#########.#[##.#@####.#.#######..
..............<..s............#..
#########....)[#....#.#.#####.#..
#.....#.#.#..#.#.# #.#..
#.....#.#.#..#.#.#####.#..
########.#..........#.#.......#..
.......#.##..#.##.#.#.#.......#..
.......#............#.#....##.#..
.......#######.##.#.#.#.##.#.....


You could see a scorpion.

Vanquished Creatures
  2 worker ants
  3 gnolls
  4 adders
  2 oozes
  A worm (D:3)
  A dart slug (D:2)
  2 leopard geckos
  3 orcs (D:3)
  5 giant cockroaches
  3 goblins
  7 hobgoblins
  7 kobolds
  2 quokkas
  A ball python (D:3)
  16 bats
  5 frilled lizards
  8 rats
72 creatures vanquished.

Notes
Turn   | Place    | Note
-------+----------+-------------------------------------------
     0 | D:1      | Goreval the Hill Orc Monk began the quest for the Orb.
     0 | D:1      | Reached XP level 1. HP: 19/19 MP: 1/1
    57 | D:1      | Reached XP level 2. HP: 22/27 MP: 2/2
   511 | D:1      | Reached skill level 5 in Axes
   704 | D:1      | Reached XP level 3. HP: 31/33 MP: 3/3
   868 | D:2      | Found a radiant altar of Vehumet.
   868 | D:2      | Found an opulent altar of Gozag.
   887 | D:2      | Found a shimmering altar of Xom.
  1673 | D:2      | Reached XP level 4. HP: 37/41 MP: 4/4
  1870 | D:1      | Reached skill level 6 in Axes
  2713 | D:4      | Noticed an ogre
  2746 | D:2      | Reached XP level 5. HP: 24/47 MP: 5/5
  2956 | D:3      | Found a basalt altar of Yredelemnul.
  3098 | D:3      | Found a hazy altar of Hepliaklqana.
  3099 | D:3      | Found a stormy altar of Qazlal.
  3140 | D:3      | Found a burning altar of Makhleb.
  3619 | D:3      | Reached skill level 5 in Fighting
  3833 | D:3      | Reached skill level 7 in Axes
  3864 | D:3      | Found a blossoming altar of Fedhas.
  4236 | D:3      | Slain by a scorpion

Levels and vault maps discovered:
D:1:      zelgadis_glass_arrival_small, layout_rooms, serial_glass,
          glass_columns_b, glass_columns_b, minmay_misc_feat_more_columns
D:2:      minmay_chambers_of_twos, layout_basic,
          chequers_temple_overflow_statue_of_worship
D:3:      layout_basic, grunt_temple_overflow_open, fedhas_altar_4,
          bloody_makhleb
D:4:      layout_cave_pools, serial_shops, nicolae_shop_behind_doors

Skill      XL: |  1  2  3  4  5 |
---------------+----------------+-----
Fighting       | 4 5 |  5.1
Axes           | 5 6 7 |  7.2
Dodging        | |  2.4
Stealth        | |  1.5

Action                   |  1- 3 |  4- 6 || total
-------------------------+-------+-------++-------
Melee: Hand axe          |   145 |   165 ||   310
 Stab: Sleeping          |     6 |     1 ||     7
  Eat: Chunk             |     3 |     7 ||    10
Armor: Robe              |    30 |    10 ||    40
       Leather armour    |       |     7 ||     7
       Chain mail        |       |    58 ||    58
Dodge: Dodged            |   120 |   102 ||   222
